 Dungeon Crawl Stone Soup version 0.22-a0-515-g75794bf (webtiles) character file.

44 iamserjio the Charmwright (level 3, -1/25 HPs)
             Began as an Octopode Skald on June 19, 2018.
             Slain by a goblin (4 damage)
             ... led by Robin
             ... on level 1 of the Dungeon.
             The game lasted 00:02:24 (1187 turns).

iamserjio the Charmwright (Octopode Skald)          Turns: 1187, Time: 00:02:24

Health: -1/25      AC:  1    Str: 11    XL:     3   Next: 62%
Magic:  6/6        EV: 14    Int: 15    God:
Gold:   72         SH:  0    Dex: 11    Spells: 5/6 levels left

rFire    . . .     SeeInvis .   a - +0 falchion
rCold    . . .     Gourm    .   (no shield)
rNeg     . . .     Faith    .   (helmet restricted)
rPois    .         Spirit   .   (no amulet)
rElec    .         Reflect  .   (no ring)
rCorr    .         Harm     .   (no ring)
MR       .....                  (no ring)
Stlth    +++.......             (no ring)
HPRegen  0.08/turn              (no ring)
MPRegen  0.10/turn              (no ring)
                                (no ring)
                                (no ring)

@: no status effects
A: almost no armour, stealthy swim, amphibious, 8 rings, constrict 8, camouflage
1, gelatinous body 1
a: no special abilities


You were on level 1 of the Dungeon.
You were not hungry.

You visited 1 branch of the dungeon, and saw 2 of its levels.

You collected 72 gold pieces.

Inventory:

Hand Weapons
 a - a +0 falchion (weapon)
 d - a +1 whip of electrocution
Missiles
 h - 26 stones (quivered)
Jewellery
 l - a cursed amulet of inaccuracy {unknown}
Scrolls
 b - a scroll of teleportation {unknown}
 e - 2 scrolls of identify {unknown}
 i - 2 scrolls of remove curse {unknown}
 m - 2 scrolls of amnesia {unknown}
Potions
 f - a potion of heal wounds {unknown}
 g - a potion of cancellation {unknown}
 j - a potion of lignification {unknown}
 k - a potion of might {unknown}
Comestibles
 c - 6 rations
 n - 2 chunks of flesh


   Skills:
 + Level 2.4 Fighting
 * Level 2.9 Long Blades
 + Level 2.8 Dodging
 + Level 1.7 Stealth
 - Level 2.0 Spellcasting
 - Level 3.0 Charms


You had 5 spell levels left.
You knew the following spells:

 Your Spells              Type           Power        Failure   Level  Hunger
a - Infusion              Chrm           ##..         6%          1    #......

Your spell library contained the following spells:

 Spells                   Type           Power        Failure   Level  Hunger
 Regeneration             Chrm/Necr      #.........   34%         3    ###....
 Shroud of Golubria       Chrm/Tloc      #.........   19%         2    ###....
 Song of Slaying          Chrm           ##......     10%         2    ###....
 Spectral Weapon          Hex/Chrm       #.......     34%         3    ###....


Dungeon Overview and Level Annotations

Branches:
Dungeon (2/15)

Altars:

Annotations:
D:2 Robin


Innate Abilities, Weirdness & Mutations

You cannot wear most types of armour.
You are very stealthy in the water. (Stealth+)
You are amphibious.
You can wear up to eight rings at the same time.
You can use your tentacles to constrict eight enemies at once.
Your skin changes colour to match your surroundings (Stealth+).
Your rubbery body absorbs attacks. (AC +1, EV +1)


Message History

You hit the hobgoblin.
You kill the hobgoblin!
You closely miss the goblin. Your grab misses the goblin.
Your squeeze misses the goblin. The goblin hits you but does no damage.
Robin throws the goblin at you! The goblin hits you.
Robin roars a battlecry!
The goblins go into a battle-frenzy!
You hear a shout!
You hear an angry hiss.
You hear a shout! x2
You hear a shout!
The goblin barely misses you.
There is a stone staircase leading down here.
There is a stone staircase leading up here.
Robin throws the goblin at you! The goblin barely misses you.
The goblin hits you with a club.
* * * LOW HITPOINT WARNING * * *
You climb upwards.
There is a stone staircase leading down here.
The goblin hits you.
You die...

##### #####
#...#################...#
###.#.#.#.#.#.#.#.#.#.#.#.#
##.........................#
##....#.#.#.#.#.#.#.#.#.#.#.#
#............@g>............#
#.....#.#.#.#.#.#.#.#.#.#.#.#
####......)..............####..#
..............#...............##
...#..........#..........######
..............#..........#
...#.....................##
##.#..........#...........#
##..................)..##.##


You could see a goblin.

Vanquished Creatures
  An adder (D:2)
  3 leopard geckos (D:2)
  A bat (D:1)
  3 giant cockroaches
  5 goblins
  6 hobgoblins
  A frilled lizard (D:1)
  4 kobolds (D:1)
  4 rats (D:1)
28 creatures vanquished.

Notes
Turn   | Place    | Note
-------+----------+-------------------------------------------
     0 | D:1      | iamserjio the Octopode Skald began the quest for the Orb.
     0 | D:1      | Reached XP level 1. HP: 14/14 MP: 3/3
   212 | D:1      | Reached XP level 2. HP: 18/19 MP: 5/5
   279 | D:1      | Reached skill level 1 in Stealth
  1057 | D:2      | Reached XP level 3. HP: 20/24 MP: 6/6
  1157 | D:2      | Noticed Robin
  1187 | D:1      | Slain by a goblin

Vault maps used:
D:1:      sevenhm_arrival_forest_fort_large_4, serial_bayou_pond_d,
          minmay_misc_feat_diagonals, st_stairs_13, grunt_decor_mini_mirrors,
          minmay_misc_feat_ornament, minmay_curled_crystal
D:2:      uniq_robin

Skill      XL: |  1  2 |
---------------+-------+-----
Stealth        | 1 |  1.7
Fighting       | |  2.4
Long Blades    | |  2.9
Dodging        | |  2.8
Spellcasting   | |  2.0
Charms         | |  3.0

Action                   || total
-------------------------++-------
Melee: Falchion          ||    56
       Constrict         ||    12
       Tentacles         ||     9
 Stab: Sleeping          ||     6
  Eat: Chunk             ||     1
Armor: Skin              ||     7
Dodge: Dodged            ||    36
       Rpst.: Falchion   ||     9

Table legend:
 A = Spawn XP
 B = Non-spawn XP
 C = Spawn XP percentage of total XP
 D = Spawn monster count
 E = Non-spawn monster count
 F = Spawn count percentage of total count
 G = Total turns spent on level
                    A         B        C        D         E        F      G
               +---------+---------+-------+---------+---------+-------+---------
         Total |       0 |      64 |   0.0 |       0 |      28 |   0.0 |  1187
               +---------+---------+-------+---------+---------+-------+---------
           D:1 |       0 |      31 |   0.0 |       0 |      19 |   0.0 |  1051
           D:2 |       0 |      33 |   0.0 |       0 |       9 |   0.0 |   136
               +---------+---------+-------+---------+---------+-------+---------
